Map: Alcyone LE

Players

JosueKujo - Winner!

  • Race: Terran Terran
  • Spawn Location: 1:00

I.A. 1 (Muito fácil)

  • Race: Protoss Protoss
  • Spawn Location: 7:00

VOD

Have the link to the VOD?

Description

Time

  • Played on: July 31, 2025, 10:08 a.m.
  • Length: 3:23
Show
View Real Time Build Order
Export as new Build Order

JosueKujo Terran - Winner!

Build Orders:  

Get SALT Encoding   

  12  0:00  SCV  
  13  0:16  Supply Depot  
  13  0:21  SCV  
  14  0:33  SCV  
  15  0:39  Barracks  
  15  0:46  SCV  
  16  0:57  Barracks  
  16  1:00  SCV  
  17  1:07  Refinery  
  17  1:12  SCV  
  18  1:24  SCV  
  19  1:27  Marine  
  19  1:31  Bunker  
  20  1:36  Orbital Command  
  20  1:44  Marine  
  21  1:50  Supply Depot  
  21  1:53  Marine  
  22  2:02  Marine  
  23  2:11  Marine  
  24  2:18  SCV, Factory  
  25  2:23  Marine  
  25  2:29  Marine  
  27  2:37  Supply Depot  
  27  2:41  Marine  
  28  2:47  Marine  
  29  2:56  SCV, Refinery  
  28  2:59  Marine  
  28  3:00  Supply Depot  
  29  3:08  SCV  
  31  3:21  Factory Tech Lab  
Show
View Real Time Build Order
Export as new Build Order

I.A. 1 (Muito fácil) Protoss 

Build Orders:  

Get SALT Encoding   

  12  0:00  Probe  
  13  0:13  Probe  
  14  0:19  Pylon  
  14  0:36  Assimilator  
  14  0:42  Gateway  
  14  0:45  Pylon  
  14  1:13  Assimilator  
  14  1:22  Zealot  
  14  1:24  Probe  
  14  1:32  Probe  
  17  1:33  Cybernetics Core  
  18  1:42  Probe  
  19  1:54  Probe  
  20  2:02  Probe  
  21  2:10  Probe  
  22  2:33  Stalker  
  24  2:45  Pylon  
  24  2:49  Probe  
  14  3:00  Probe  
  16  3:08  Probe  
Tags
 
Matchup
PvT
Spawn Locations
Cross Positions
Add a new tag
Caveats
  • Supply blocks, unpowered buildings, or Contaminate may cause inaccurate times.
  • Supply counts are checked every 10 seconds.